 Dungeon Crawl Stone Soup version 0.29-a0-233-g1125b37a9b (webtiles) character file.

Game seed: 16313362411242169461

164678 drugrobin the Warrior (level 16, 0/142 (152) HPs)
             Began as a Demigod Fighter on Mar 1, 2022.
             Slain by a spectral entropy weaver (2 damage)
             ... on level 1 of the Spider Nest.
             The game lasted 01:58:11 (47695 turns).

drugrobin the Warrior (Demigod Fighter)            Turns: 47695, Time: 01:58:12

HP:   0/142 (152)   AC: 25    Str: 35    XL:     16   Next: 46%
MP:   19/19         EV: 10    Int: 17    God:
Gold: 1138          SH: 13    Dex: 19    Spells: 7/15 levels left

rFire   + + +      SeeInvis +   a - +11 spear of Feral Fortitude {flame, rF+++ rN+ rCorr Int-5}
rCold   + . .      Faith    .   c - +0 buckler
rNeg    + . .      Spirit   .   O - +7 Kryia's mail coat {PotionHeal*2 rC+}
rPois   +          Reflect  +   z - +2 hat {SInv}
rElec   .          Harm     .   V - +1 cloak
rCorr   +          Rampage  .   I - +0 pair of gloves
Will    +....                   h - +1 pair of boots {Fly}
Stlth   ..........              b - amulet of reflection
HPRegen 0.33/turn               e - ring "Mouxuaff" {rPois rF+ Str+6 Int+4}
MPRegen 0.16/turn               A - +6 ring of dexterity

@: flying, drained
A: high MP 1, forlorn, divine attributes
}: 1/15 runes: decaying
a: no special abilities


You were on level 1 of the Spider Nest.
You visited 5 branches of the dungeon, and saw 24 of its levels.

You collected 2995 gold pieces.
You spent 1857 gold pieces at shops.

Inventory:

Hand Weapons
 a - the +11 spear of Feral Fortitude (weapon) {flame, rF+++ rN+ rCorr Int-5}
   (You took it off a gnoll on level 4 of the Dungeon)

   It burns those it strikes, dealing additional fire damage.
   Int:       It affects your intelligence (-5).
   rF:        It renders you almost immune to fire.
   rN:        It protects you from negative energy.
   rCorr:     It protects you from acid and corrosion.
 o - a +0 hand axe of flaming
 p - the +3 war axe "Teorosh" {drain, Will+}
   (You bought it in a shop on level 2 of the Orcish Mines)

   A truly terrible weapon, it drains the life of any living foe it strikes.
   Will:      It increases your willpower.
 v - a +2 dagger of venom
 Y - the +11 spear "Jelly's Nightmare" {antimagic, rN+ Int+7 Stlth-}
   (You found it on level 6 of the Lair of Beasts)

   It reduces the magical energy of the wielder, and disrupts the spells and
   magical abilities of those it strikes.
   Natural abilities and divine invocations are not affected.
   Int:       It affects your intelligence (+7).
   rN:        It protects you from negative energy.
   Stlth:     It makes you less stealthy.
Missiles
 i - 6 boomerangs (quivered)
 q - 34 poisoned darts
 Q - 4 curare-tipped darts
Armour
 c - a +0 buckler (worn)
 h - a +1 pair of boots of flying (worn)
 z - a +2 hat of see invisible (worn)
 I - a +0 pair of gloves (worn)
 O - the +7 Kryia's mail coat (worn) {PotionHeal*2 rC+}
   (You found it on level 8 of the Dungeon)

   Potions are twice as effective at healing its wearer.
   rC:        It protects you from cold.
 V - a +1 cloak (worn)
Jewellery
 b - an amulet of reflection (around neck)
 e - the ring "Mouxuaff" (left hand) {rPois rF+ Str+6 Int+4}
   (You bought it in a shop on level 2 of the Orcish Mines)

   [ring of strength]

   Str:       It affects your strength (+6).
   Int:       It affects your intelligence (+4).
   rF:        It protects you from fire.
   rPois:     It protects you from poison.
 A - a +6 ring of dexterity (right hand)
 N - a ring of ice
 P - a ring of resist corrosion
 T - a ring of willpower
Wands
 t - a wand of acid (21)
 B - a wand of flame (27)
 E - a wand of digging (6)
 J - a wand of charming (39)
 K - a wand of paralysis (7)
 R - a wand of polymorph (9)
 S - a wand of iceblast (55)
Scrolls
 f - 4 scrolls of fog
 g - 2 scrolls of enchant weapon
 l - 5 scrolls of summoning
 m - 4 scrolls of magic mapping
 n - 7 scrolls of immolation
 y - a scroll of amnesia
 D - 3 scrolls of blinking
 F - 7 scrolls of teleportation
 H - 2 scrolls of enchant armour
 L - 6 scrolls of identify
 U - 4 scrolls of vulnerability
Potions
 d - 2 potions of might
 k - 2 potions of berserk rage
 r - 5 potions of haste
 s - 5 potions of invisibility
 u - 3 potions of lignification
 x - 4 potions of ambrosia
 C - 2 potions of cancellation
 G - 9 potions of curing
 M - a potion of resistance {unknown}
Miscellaneous
 j - a phial of floods
 w - a tin of tremorstones (2/2)
 X - a phantom mirror


   Skills:
 + Level 16.7 Fighting
 - Level 16.0 Axes
 + Level 12.6 Armour
 + Level 12.6 Shields
 + Level 4.6 Necromancy


You had 7 spell levels left.
You knew the following spells:

 Your Spells              Type           Power      Damage    Failure   Level
a - Necromutation         Tmut/Necr      3%         N/A       100%        8

Your spell library contained the following spells:

 Spells                   Type           Power      Damage    Failure   Level
 Pain                     Necr           60%        1d7       7%          1
 Sublimation of Blood     Necr           15%        N/A       11%         2
 Vampiric Draining        Necr           15%        2d7       21%         3
 Apportation              Tloc           0%         N/A       41%         1
 Magic Dart               Conj           0%         1d3       41%         1
 Sandblast                Erth           0%         2d4       41%         1
 Slow                     Hex            0%         N/A       41%         1
 Sting                    Tmut/Pois      0%         1d3       41%         1
 Call Imp                 Summ           0%         N/A       56%         2
 Ensorcelled Hibernation  Hex/Ice        0%         N/A       56%         2
 Passwall                 Tmut/Erth      0%         N/A       56%         2
 Poisonous Vapours        Pois/Air       0%         N/A       56%         2
 Scorch                   Fire           0%         2d5       56%         2
 Confusing Touch          Hex            0%         N/A       80%         3
 Mephitic Cloud           Conj/Pois/Air  0%         N/A       80%         3
 Stone Arrow              Conj/Erth      0%         3d7       80%         3
 Swiftness                Air            0%         N/A       80%         3
 Agony                    Necr           15%        N/A       88%         5
 Excruciating Wounds      Necr           7%         N/A       88%         5
 Airstrike                Air            0%         N/A       99%         4
 Flame Wave               Conj/Fire      0%         2d4       99%         4
 Olgreb's Toxic Radiance  Pois           0%         N/A       99%         4
 Petrify                  Tmut/Erth      0%         N/A       99%         4
 Summon Lightning Spire   Summ/Air       0%         N/A       99%         4
 Alistair's Intoxication  Tmut/Pois      0%         N/A       100%        5
 Irradiate                Conj/Tmut      0%         3d13      100%        5
 Lee's Rapid Deconstruct  Erth           0%         3d5*      100%        5
 Lightning Bolt           Conj/Air       0%         1d11      100%        5
 Iron Shot                Conj/Erth      0%         9d1       100%        6
 Statue Form              Tmut/Erth      0%         N/A       100%        6
 Summon Cactus Giant      Summ           0%         N/A       100%        6
 Borgnjor's Revivificati  Necr           7%         N/A       100%        8
 Death's Door             Necr           7%         N/A       100%        9


Dungeon Overview and Level Annotations

Branches:
Dungeon (11/15)            Temple (0/1) D:6            Lair (6/6) D:8
  Swamp (4/4) Lair:2       Spider (1/4) Lair:4        Slime (0/5) Lair:6
    Orc (2/2) D:10            Elf (0/3) Orc:2

Shops:
D:11 :   Orc:2 ?(?=

Portals:
Pandemonium: Orc:2

Annotations:
Lair:3 exclusion: 3 oklob plants
Swamp:1 2 transporters, Catoluit's ghost, adept DjFE
Swamp:3 Lernaean hydra
Spider:1 drugrobin's ghost, adept DgFi


Innate Abilities, Weirdness & Mutations

You have an increased reservoir of magic. (+10% MP)
You shall have no god before yourself.
Your divine heritage dramatically boosts your attributes as you level up.


Message History

Unknown command.
Unknown command.
You puncture drugrobin's ghost! You burn drugrobin's ghost.
Drugrobin's ghost is severely damaged.
Drugrobin's ghost hits you!!!
* * * LOW HITPOINT WARNING * * *
You are electrocuted!!
* * * LOW HITPOINT WARNING * * *
Unknown command.
Unknown command.
There is a transporter landing site here.
Drugrobin's ghost mumbles some strange words.
Drugrobin's ghost says very slowly, "There's no hope."
Drugrobin's ghost gestures wildly while chanting.
You block the emperor scorpion simulacrum's attack.
The emperor scorpion simulacrum claws you but does no damage. x2
Drugrobin's ghost mumbles some strange words.
Drugrobin's ghost gestures wildly while chanting.
The ghost moth simulacrum barely misses you.
You block the ghost moth simulacrum's attack.
The ghost moth simulacrum hits you but does no damage.
The spectral entropy weaver closely misses you.
The spectral entropy weaver hits you but does no damage.
You block the spectral entropy weaver's attack. x2
The spectral entropy weaver hits you but does no damage.
You block the spectral entropy weaver's attack. x2
The spectral entropy weaver hits you.
* * * LOW HITPOINT WARNING * * *
Unknown command.
Unknown command.
Unknown command.
Unknown command.
Unknown command.
Unknown command.
Drugrobin's ghost casts a spell.
You block the spectral entropy weaver's attack.
The spectral entropy weaver hits you!
* * * LOW HITPOINT WARNING * * *
The spectral entropy weaver hits you.
You die...

.# #..####....###. .#
####..#.######. .#
#...###..#... .# ##........>..
## ###########....#..#.# .#
#.................### .###
#.................# ...#
#..#############..# ...##
#..#@..........#..# ....#
#..#ZZ.......Z.#..# ....#
#..#Z.###.###..#..# ....#
#..#..#8#.#8#.)#..#
....#########..#Z..........#..#
..............©#.....©.....#©.#
#.##########...#..........(#..#
#..# #...#W.#8#.#8#.?#..# ...#
#...#..###.###..#..#


You could see a spectral emperor scorpion, a spectral entropy weaver,
drugrobin's ghost, an emperor scorpion simulacrum and a ghost moth simulacrum.

Vanquished Creatures
  Rupert (Orc:2)
  Mlioglotl (Swamp:3)
  Frances (Spider:1)
  A thorn hunter (Swamp:4)
  2 fenstrider witches
  The ghost of krigyl the Thaumaturge, an adept HOWz of Sif Muna (Swamp:4)
  Aizul (Swamp:1)
  2 broodmothers
  12 eleionomae
  4 bunyips
  An entropy weaver (Spider:1)
  A shambling mangrove (Swamp:2)
  A ghost crab (Swamp:3)
  2 catoblepae
  A spriggan air mage (Swamp:1)
  A boulder beetle (Lair:4)
  22 hydras
  3 demonspawn
  6 alligators
  A two-headed ogre (D:10)
  10 death yaks
  A death scarab (Spider:1)
  A deep troll shaman (Lair:6)
  4 orc high priests (Orc:2)
  A sun demon (Orc:2)
  4 pharaoh ants (Spider:1)
  A sixfirhy (Orc:2)
  The ghost of bande the Cleaver, a novice GrFi of Okawaru (D:9)
  4 goliath frogs
  A sun moth (Spider:1)
  5 orb spiders (Spider:1)
  A steelbarb worm (Spider:1)
  3 spriggan druids
  11 swamp dragons
  15 bog bodies
  The ghost of bande the Cleaver, a novice GrFi (D:7)
  2 lindwurms
  4 orc knights (Orc:2)
  2 deep elf pyromancers (Orc:2)
  7 orc sorcerers
  6 will-o-the-wisps
  2 moths of wrath
  6 wolf spiders (Spider:1)
  A manticore (D:10)
  19 elephants
  8 black mambas
  A rust devil (Orc:2)
  2 torpor snails (Spider:1)
  8 cane toads
  A smoke demon (Orc:2)
  An unseen horror (D:11)
  2 demonic crawlers (Spider:1)
  Psyche (D:11)
  6 rime drakes
  5 komodo dragons
  3 trolls
  6 meliai
  A wolf spider simulacrum (Spider:1)
  13 tyrant leeches
  A polar bear (Lair:6)
  6 hornets
  10 tarantellas (Spider:1)
  8 blink frogs
  12 jumping spiders
  6 spriggans
  A wraith (D:11)
  7 culicivoras (Spider:1)
  5 wyverns
  2 ynoxinuls
  71 yaks
  9 vampire mosquitoes
  18 redbacks (Spider:1)
  2 steam dragons
  7 wargs
  16 swamp worms
  An acid dragon (D:10)
  13 water moccasins
  10 swamp drakes
  34 orc warriors
  A black bear (Lair:6)
  9 ogres
  A centaur (D:5)
  27 wolves
  2 phantoms
  2 kobold brigands
  21 bullfrogs
  5 scorpions
  3 gnoll sergeants
  2 necrophages
  7 wights (D:9)
  Dowan (D:4)
  11 killer bees
  A howler monkey (D:8)
  An electric eel (Lair:2)
  A crimson imp (Orc:2)
  An iron imp (Orc:2)
  2 jellies
  A gnoll shaman (D:7)
  31 orc priests
  5 hounds
  Crazy Yiuf (D:3)
  Jessica (D:2)
  An iguana (D:5)
  18 orc wizards
  Robin (D:2)
  24 gnolls
  8 adders
  2 shadow imps
  2 white imps
  3 worms
  A dart slug (D:1)
  73 orcs
  11 ball pythons
  6 endoplasms
  A giant cockroach (D:4)
  9 goblins
  8 hobgoblins
  17 jackals
  14 kobolds
  A quokka (D:4)
  6 bats
  6 frilled lizards
  7 rats
831 creatures vanquished.

Vanquished Creatures (others)
  3 bloated husks
  A hornet (Swamp:1)
  2 orc wizards
  2 orcs (Orc:2)
  36 foxfires
  43 fungi
  70 plants
157 creatures vanquished.

Grand Total: 988 creatures vanquished

Notes
Turn   | Place    | Note
-------+----------+-------------------------------------------
     0 | D:1      | drugrobin the Demigod Fighter began the quest for the Orb.
     0 | D:1      | Reached XP level 1. HP: 18/18 MP: 3/3
   292 | D:1      | Reached XP level 2. HP: 22/25 MP: 4/4
  1540 | D:2      | Reached XP level 3. HP: 31/31 MP: 5/5
  1559 | D:2      | Noticed Jessica
  1577 | D:2      | Killed Jessica
  1656 | D:2      | Reached XP level 4. HP: 29/38 MP: 6/6
  1970 | D:2      | Noticed Robin
  2153 | D:2      | Killed Robin
  2534 | D:2      | Reached XP level 5. HP: 28/46 MP: 7/7
  3019 | D:3      | Found a runed translucent door.
  3020 | D:3      | Noticed Crazy Yiuf
  4329 | D:3      | Killed Crazy Yiuf
  4330 | D:3      | Reached XP level 6. HP: 26/53 MP: 8/8
  4779 | D:4      | Noticed Duvessa
  4779 | D:4      | Noticed Dowan
  4780 | D:4      | Noticed Duvessa
  4780 | D:4      | Duvessa changed into Duvessa the wolf
  4789 | D:4      | Killed Duvessa the wolf
  4800 | D:4      | Killed Dowan
  4933 | D:4      | Reached skill level 5 in Fighting
  4933 | D:4      | Reached XP level 7. HP: 56/61 MP: 9/9
  5495 | D:5      | Entered Level 5 of the Dungeon
  5553 | D:5      | Reached skill level 5 in Axes
  5628 | D:5      | Identified the +11 spear of Feral Fortitude {flame, rF+++
                  | rN+ rCorr Int-5}
  5924 | D:5      | Reached XP level 8. HP: 46/70 MP: 10/10
  6350 | D:6      | Found a staircase to the Ecumenical Temple.
  6540 | D:5      | Reached skill level 5 in Armour
  6540 | D:5      | Reached skill level 5 in Shields
  7131 | D:6      | Reached XP level 9. HP: 46/79 MP: 11/11
  7748 | D:7      | Found a transporter.
  7750 | D:7      | Noticed bande's ghost (novice GrFi)
  7756 | D:7      | Identified the +8 dire flail of the Known World {pain,
                  | rElec rC+}
  7796 | D:7      | Found a transporter.
  7976 | D:7      | Killed bande's ghost
  8317 | D:8      | Noticed a death yak
  8318 | D:8      | Noticed a death yak
  8323 | D:8      | Noticed a death yak
  8323 | D:8      | Noticed a death yak
  8323 | D:8      | Noticed a death yak
  8344 | D:8      | Killed a death yak
  8747 | D:7      | Killed a death yak
  9149 | D:8      | Noticed a death yak
  9150 | D:8      | Noticed a death yak
  9218 | D:7      | HP: 1/82 [death yak (21)]
  9694 | D:8      | Found the +7 Kryia's mail coat {PotionHeal*2 rC+}
  9695 | D:8      | Found a staircase to the Lair.
  9781 | D:8      | Reached XP level 10. HP: 90/90 MP: 13/13
 10388 | D:7      | Killed a death yak
 10537 | D:7      | Killed a death yak
 10731 | D:7      | Killed a death yak
 10944 | D:7      | Killed a death yak
 11381 | D:7      | Killed a death yak
 11667 | Lair:1   | Entered Level 1 of the Lair of Beasts
 11711 | D:8      | Reached XP level 11. HP: 96/99 MP: 14/14
 12093 | D:8      | Reached skill level 10 in Fighting
 12499 | D:9      | Found a runed translucent door.
 12499 | D:9      | Noticed bande's ghost (novice GrFi)
 12977 | D:9      | Reached skill level 10 in Axes
 14194 | D:9      | Killed bande's ghost
 14223 | D:9      | Got the Papyrus of the Mountains
 14411 | D:10     | Entered Level 10 of the Dungeon
 14827 | D:10     | Noticed a two-headed ogre
 14852 | D:10     | Killed a two-headed ogre
 14915 | D:10     | Found a staircase to the Orcish Mines.
 15184 | D:10     | Noticed Sonja
 15185 | D:10     | Noticed Sonja
 15185 | D:10     | Sonja changed into Sonja the blink frog
 15189 | D:10     | Killed Sonja the blink frog
 15469 | Orc:1    | Entered Level 1 of the Orcish Mines
 16385 | Orc:1    | Reached XP level 12. HP: 93/110 MP: 15/15
 16737 | Orc:2    | Entered Level 2 of the Orcish Mines
 16747 | Orc:2    | Noticed Nessos
 16752 | Orc:2    | Noticed Nessos
 16752 | Orc:2    | Nessos changed into Nessos the moth of wrath
 16757 | Orc:2    | Killed Nessos the moth of wrath
 18209 | D:11     | Noticed a five-headed hydra
 18216 | D:11     | Killed a five-headed hydra
 18389 | D:11     | Found Kyrapradgh's Book Shoppe.
 18529 | D:11     | Noticed Psyche
 18538 | D:11     | Killed Psyche
 18897 | Lair:1   | Noticed a five-headed hydra
 18913 | Lair:1   | Killed a five-headed hydra
 19062 | Lair:1   | Noticed an eight-headed hydra
 19102 | Lair:1   | Killed an eight-headed hydra
 19963 | Lair:2   | Noticed an eight-headed hydra
 19984 | Lair:2   | Killed an eight-headed hydra
 20400 | Lair:2   | Noticed a catoblepas
 20429 | Lair:2   | Killed a catoblepas
 20626 | Lair:2   | Identified a scroll of acquirement
 20634 | Lair:2   | Acquired a +1 pair of boots of flying
 21245 | Lair:2   | Reached XP level 13. HP: 114/119 MP: 16/16
 21653 | Lair:2   | Found a staircase to the Swamp.
 23793 | Lair:4   | Found a hole to the Spider Nest.
 26096 | Lair:6   | Entered Level 6 of the Lair of Beasts
 26381 | Lair:6   | Found a staircase to the Slime Pits.
 26552 | Lair:6   | Reached skill level 10 in Shields
 26555 | Lair:6   | Reached skill level 10 in Armour
 27491 | Lair:5   | Reached XP level 14. HP: 112/130 MP: 17/17
 27878 | Lair:6   | Identified the +11 spear "Jelly's Nightmare" {antimagic,
                  | rN+ Int+7 Stlth-}
 28629 | Orc:2    | Found Nurobb's Magic Scroll Emporium.
 28641 | Orc:2    | Found Laplonty's Magic Scroll Shoppe.
 28776 | Orc:2    | Bought a scroll of enchant weapon for 82 gold pieces
 28778 | Orc:2    | Bought a scroll of teleportation for 42 gold pieces
 28778 | Orc:2    | Bought a scroll of teleportation for 42 gold pieces
 28875 | Orc:2    | Noticed Rupert
 28897 | Orc:2    | Killed Rupert
 30799 | Orc:2    | Found Engoy's Antique Weapon Shop.
 30799 | Orc:2    | Found Goonuas's Jewellery Boutique.
 30799 | Orc:2    | Found a one-way gate leading to the halls of Pandemonium.
 30807 | Orc:2    | Bought a shimmering war axe for 195 gold pieces
 30807 | Orc:2    | Identified the +3 war axe "Teorosh" {drain, Will+} (You
                  | bought it in a shop on level 2 of the Orcish Mines)
 30813 | Orc:2    | Bought an amulet of reflection for 390 gold pieces
 30813 | Orc:2    | Bought the ring "Mouxuaff" {rPois rF+ Str+6 Int+4} for 1106
                  | gold pieces
 30896 | Orc:2    | Found a staircase to the Elven Halls.
 31430 | Spider:1 | Entered Level 1 of the Spider Nest
 31797 | Spider:1 | Noticed a broodmother
 31871 | Lair:4   | Killed a broodmother
 32894 | Spider:1 | Noticed Frances
 32930 | Spider:1 | Killed Frances
 33263 | Spider:1 | Reached skill level 15 in Fighting
 33441 | Spider:1 | Found a transporter.
 33443 | Spider:1 | Noticed drugrobin's ghost (adept DgFi)
 33446 | Spider:1 | Found a transporter.
 33564 | Spider:1 | Reached skill level 15 in Axes
 33595 | Spider:1 | Reached XP level 15. HP: 90/141 MP: 18/18
 34736 | Swamp:1  | Entered Level 1 of the Swamp
 34749 | Swamp:1  | HP: 6/141 [goliath frog (9)]
 34749 | Swamp:1  | HP: 2/141 [acid (4)]
 34750 | Swamp:1  | Noticed Aizul
 35028 | Swamp:1  | Killed Aizul
 37691 | Swamp:1  | Noticed Catoluit's ghost (adept DjFE)
 37696 | Swamp:1  | Found a transporter.
 37780 | Swamp:1  | Found a transporter.
 40107 | Swamp:2  | You are sucked into a shaft and drop 1 floor!
 40108 | Swamp:3  | Noticed Mlioglotl
 40990 | Swamp:3  | Killed Mlioglotl
 41830 | Swamp:4  | Entered Level 4 of the Swamp
 41998 | Swamp:3  | Learned a level 8 spell: Necromutation
 42182 | Swamp:4  | Noticed a fenstrider witch
 42195 | Swamp:4  | Killed a fenstrider witch
 42211 | Swamp:4  | Reached skill level 1 in Necromancy
 42418 | Swamp:3  | Noticed a fenstrider witch
 42434 | Swamp:3  | Killed a fenstrider witch
 43196 | Swamp:4  | Reached XP level 16. HP: 131/151 MP: 19/19
 44352 | Swamp:4  | Noticed the 27-headed Lernaean hydra
 44872 | Swamp:4  | Identified the +4 morningstar of the Head {distort, rPois
                  | Will+ Int-4}
 45018 | Swamp:4  | Got a decaying rune of Zot
 45293 | Swamp:4  | Found a runed translucent door.
 45322 | Swamp:4  | Noticed krigyl's ghost (adept HOWz)
 46229 | Swamp:4  | Killed krigyl's ghost
 46575 | Spider:1 | HP: 6/152 [poisoned by a wolf spider]
 47642 | Spider:1 | Identified the +5 morningstar of the Warrior {freeze, rF+
                  | Will- Dex+3}
 47695 | Spider:1 | HP: 2/142 [spectral entropy weaver (9)]
 47695 | Spider:1 | Slain by a spectral entropy weaver

Illustrated notes

Levels and vault maps discovered:
D:1:      dpeg_arrival_yet_another_circle, layout_basic
D:2:      layout_loops_corners, basic_altar,
          shapermc_ecumenical_altar_mp_ritualfount, uniq_jessica, uniq_robin
D:3:      layout_loops_ring, pdpol_wu_jian_five_deadly_venoms, serial_forest,
          infiniplex_forest_clump_double, infiniplex_forest_join,
          infiniplex_forest_clump_curved, infiniplex_forest_end_2,
          infiniplex_forest_clump_double, infiniplex_forest_lined_2,
          infiniplex_forest_end_2, infiniplex_forest_lined_ring,
          infiniplex_forest_clump_tiny, uniq_crazy_yiuf_cottage
D:4:      layout_loops_ring, kennysheep_another_room, uniq_duvessa
D:5:      layout_rooms, mainiacjoe_overflow_surrounded_room, st_stairs_2
D:6:      layout_rooms, minmay_temple_entry_proselytizer
D:7:      layout_basic, gammafunk_ghost_smash
D:8:      layout_loops_cross, dpeg_lair_monsters
D:9:      layout_small_grid, hellmonk_ghost_big_iron, dk_rats_in_the_wall
D:10:     layout_loops_cross, david_orc_2, uniq_sonja
D:11:     layout_basic, serial_shops, shop_statue, uniq_psyche
Lair:1:   layout_misc_corridors
Lair:2:   layout_loops_ring, nicolae_swamp_entry_splash_gauntlet, basic_altar,
          serial_bayou_pond_e, serial_bayou_crossing
Lair:3:   dpeg_oklob_gauntlet, layout_cave_pods, chequers_serial_rivers_micro_d
Lair:4:   layout_long_grid, spider_nest_entry_rubble
Lair:5:   layout_layer_cave
Lair:6:   grunt_lair_end_beastmaster, layout_gridlike, slime_altar_1,
          st_stairs_13, lemuel_fruit_tree
Swamp:1:  layout_basic_swamp, gammafunk_ghost_wrathful_warriors,
          nicolae_swamp_dense_foliage, swamp_pool1,
          nicolae_swamp_feature_on_the_river_bank, uniq_aizul
Swamp:2:  layout_falls_marsh, nicolae_swamp_round_clearing, swamp_pool1,
          nicolae_swamp_stair_fork, nicolae_swamp_wisp_ring_woods
Swamp:3:  nicolae_swamp_tree_isthmus, layout_basic_swamp,
          nicolae_swamp_big_swirl, uniq_mlioglotl
Swamp:4:  grunt_swamp_rune_castle, layout_basic_swamp,
          ebering_ghost_inner_flame, infiniplex_staircase_pool
Spider:1: layout_spider_delve, gammafunk_ghost_mausoleum,
          hangedman_spider_tarantella_strand, uniq_frances
Orc:1:    cheibrodos_orc_guarddog, layout_diamond_mine, basic_altar
Orc:2:    pf_orc_diabolical, layout_caves, hangedman_minor_magic, uniq_nessos,
          uniq_rupert

Skill      XL: |  1  2  3  4  5  6  7  8  9 10 11 12 13 14 15 16 |
---------------+-------------------------------------------------+-----
Axes           | 2 3 4 5 6 8 9 11 12 13 15 16 | 16.0
Fighting       | 3 4 5 7 8 9 11 12 13 15 16 | 16.7
Armour         | 3 4 5 6 7 8 9 10 11 12 | 12.6
Shields        | 3 4 5 6 7 8 9 10 11 12 | 12.6
Necromancy     | 2 4 |  4.6

Action                   |  1- 3 |  4- 6 |  7- 9 | 10-12 | 13-15 | 16-18 || total
-------------------------+-------+-------+-------+-------+-------+-------++-------
Melee: War axe           |    36 |   168 |    61 |       |   598 |   134 ||   997
       Hand axe          |    49 |       |       |     5 |   166 |    83 ||   303
       Unarmed           |       |    14 |       |       |       |       ||    14
       Short sword       |       |    11 |       |       |       |       ||    11
       Spear             |       |       |   194 |   879 |  1133 |   199 ||  2405
       Dagger            |       |       |    38 |    70 |    15 |       ||   123
Throw: Boomerang         |     4 |     2 |    12 |    20 |    27 |     1 ||    66
       Dart              |       |       |       |    10 |     4 |       ||    14
Evoke: Wand              |       |     1 |     6 |     8 |       |       ||    15
       Phial of floods   |       |       |       |       |     1 |       ||     1
       Phantom mirror    |       |       |       |       |     1 |       ||     1
  Use: Potion            |       |     2 |       |       |     6 |     2 ||    10
       Scroll            |       |       |       |    18 |    13 |     3 ||    34
 Stab: Petrified         |       |       |       |     6 |       |       ||     6
       Petrifying        |       |       |       |     2 |       |       ||     2
Armor: Scale mail        |    35 |       |     2 |   418 |   817 |   284 ||  1556
       Plate armour      |       |   141 |   138 |       |       |       ||   279
       Skin              |       |     3 |       |       |       |       ||     3
Dodge: Dodged            |    32 |    59 |    47 |   307 |   721 |   148 ||  1314
Block: Buckler           |    15 |    51 |    72 |   241 |   729 |   241 ||  1349
       Reflection        |       |       |       |       |    10 |     1 ||    11

Table legend: (Time is in decaauts)
 A = Elapsed time spent in this place.
 B = Non-inter-level travel time spent in this place.
 C = Inter-level travel time spent in this place.
 D = Time resting spent in this place.
 E = Time spent auto-exploring this place.
 F = Levels seen in this place.
 G = Mean time per level.
                   A        B        C        D        E       F      G
               +--------+--------+--------+--------+--------+-----+--------+
         Total |  46978 |  44787 |   2191 |  13560 |  21250 |  24 | 1957.4 |
       Dungeon |  16648 |  16009 |    639 |   3843 |   7817 |  11 | 1513.5 |
          Lair |  10788 |  10023 |    765 |   2468 |   5831 |   6 | 1798.0 |
         Swamp |  10331 |   9969 |    362 |   3974 |   4336 |   4 | 2582.8 |
   Spider Nest |   4078 |   3906 |    172 |   1944 |   1097 |   1 | 4078.0 |
  Orcish Mines |   5131 |   4879 |    252 |   1329 |   2169 |   2 | 2565.5 |
               +--------+--------+--------+--------+--------+-----+--------+

Top non-repeatable levels by time:
Spider:1: 4078 daAuts
   Orc:2: 3359 daAuts
     D:7: 3025 daAuts
  Lair:2: 2798 daAuts
 Swamp:1: 2776 daAuts
 Swamp:3: 2713 daAuts
 Swamp:4: 2433 daAuts
 Swamp:2: 2407 daAuts
     D:8: 2325 daAuts
  Lair:5: 2007 daAuts
     D:3: 1876 daAuts
     D:2: 1780 daAuts
   Orc:1: 1772 daAuts
     D:9: 1770 daAuts
  Lair:3: 1594 daAuts
